3AAA
AUSTIN BLACK MAMBAS @ NOLENSVILLE KNIGHTS
07/17/2042
 
TOP OF THE 1ST
Austin Black Mambas batting - Pitching for Nolensville Knights : RHP Steve Young
Pitching: RHP Steve Young
Batting: RHB Ned Lyons 0-0: Called Strike
0-1: Ball
1-1: Fly out, F8 (Flyball, 8LM, EV 85.6 MPH)
Batting: LHB Jon Kelly 0-0: Ball
1-0: Ball
2-0: Ball
3-0: Called Strike
3-1: SINGLE (Flyball, 78S, EV 86.9 MPH)
Batting: LHB José Vera 0-0: Ball
1-0: Ball
2-0: Ball
3-0: Grounds into double play, 5-4-3 (Groundball, 56, EV 107.5 MPH)
Top of the 1st over - 0 runs, 1 hit, 0 errors, 0 left on base; Austin 0 - Nolensville 0
BOTTOM OF THE 1ST
Nolensville Knights batting - Pitching for Austin Black Mambas : RHP Miguel Ávila
Pitching: RHP Miguel Ávila
Batting: LHB Jorge Mateu 0-0: Ball
1-0: Foul Ball, location: 2F
1-1: Foul Ball, location: 2F
1-2: Ball
2-2: Hit by Pitch
Batting: RHB Nick McGhee 0-0: Ball
1-0: Grounds into double play, 5-4-3 (Groundball, 5, EV 103.8 MPH)
Batting: LHB Russell Hamilton 0-0: Ball
1-0: Called Strike
1-1: Fly out, F8 (Flyball, 8LM, EV 85.6 MPH)
Bottom of the 1st over - 0 runs, 0 hits, 0 errors, 0 left on base; Austin 0 - Nolensville 0
TOP OF THE 2ND
Austin Black Mambas batting - Pitching for Nolensville Knights : RHP Steve Young
Batting: RHB Jason Portillo 0-0: Called Strike
0-1: Ball
1-1: Called Strike
1-2: Foul Ball, location: 2F
1-2: Strikes out looking
Batting: RHB Rick Pawlowicz 0-0: Called Strike
0-1: Ground out 1-3 (Groundball, P, EV 63.8 MPH)
Batting: RHB Doug Day 0-0: Ball
1-0: Called Strike
1-1: Foul Ball, location: 2F
1-2: Foul Ball, location: 2F
1-2: Fly out, F7 (Flyball, 7LM, EV 95.0 MPH)
Top of the 2nd over - 0 runs, 0 hits, 0 errors, 0 left on base; Austin 0 - Nolensville 0
BOTTOM OF THE 2ND
Nolensville Knights batting - Pitching for Austin Black Mambas : RHP Miguel Ávila
Batting: RHB Omar Luoa 0-0: Foul Ball, location: 2F
0-1: Ground out 4-3 (Groundball, 4, EV 86.9 MPH)
Batting: LHB Juan Jimínez 0-0: Called Strike
0-1: Ball
1-1: Foul Ball, location: 2F
1-2: Foul Ball, location: 2F
1-2: Foul Ball, location: 2F
1-2: Strikes out swinging
Batting: RHB Dale Goodman 0-0: Ball
1-0: Fly out, F7 (Flyball, 7, EV 92.5 MPH)
Bottom of the 2nd over - 0 runs, 0 hits, 0 errors, 0 left on base; Austin 0 - Nolensville 0
TOP OF THE 3RD
Austin Black Mambas batting - Pitching for Nolensville Knights : RHP Steve Young
Batting: RHB Omer van de Linde 0-0: Ball
1-0: Called Strike
1-1: Ball
2-1: Fly out, F7 (Flyball, 78S, EV 75.0 MPH)
Batting: RHB Francisco Ortíz 0-0: Called Strike
0-1: Foul Ball, location: 2F
0-2: Strikes out looking
Batting: RHB Kamakakoa Kaponianani 0-0: Called Strike
0-1: Ball
1-1: Swinging Strike
1-2: SINGLE (Groundball, 6M, EV 98.8 MPH) (infield hit)
Batting: RHB Ned Lyons 0-0: Called Strike
Kamakakoa Kaponianani steals 2nd base
0-1: Ball
1-1: Ground out 6-3 (Groundball, 56, EV 96.9 MPH)
Top of the 3rd over - 0 runs, 1 hit, 0 errors, 1 left on base; Austin 0 - Nolensville 0
BOTTOM OF THE 3RD
Nolensville Knights batting - Pitching for Austin Black Mambas : RHP Miguel Ávila
Batting: SHB Govaart Baars 0-0: Fly out, F8 (Line Drive, 8LD, EV 93.1 MPH)
Batting: RHB Ace Felder 0-0: Ball
1-0: Ball
2-0: Foul Ball, location: 2F
2-1: Called Strike
2-2: Ball
3-2: Strikes out looking
Batting: RHB Juan Perales 0-0: Ball
1-0: Foul Ball, location: 2F
1-1: Called Strike
1-2: Fly out, F8 (Flyball, 8RS, EV 85.6 MPH)
Bottom of the 3rd over - 0 runs, 0 hits, 0 errors, 0 left on base; Austin 0 - Nolensville 0
TOP OF THE 4TH
Austin Black Mambas batting - Pitching for Nolensville Knights : RHP Steve Young
Batting: LHB Jon Kelly 0-0: Ball
1-0: Called Strike
1-1: Ball
2-1: Foul Ball, location: 2F
2-2: Strikes out looking
Batting: LHB José Vera 0-0: Ball
1-0: Called Strike
1-1: Ball
2-1: Ground out U3 (Groundball, 3, EV 86.2 MPH)
Batting: RHB Jason Portillo 0-0: Ball
1-0: Ball
2-0: Ball
3-0: Base on Balls
Batting: RHB Rick Pawlowicz 0-0: Ball
1-0: Fly out, F8 (Flyball, 8LS, EV 90.6 MPH)
Top of the 4th over - 0 runs, 0 hits, 0 errors, 1 left on base; Austin 0 - Nolensville 0
BOTTOM OF THE 4TH
Nolensville Knights batting - Pitching for Austin Black Mambas : RHP Miguel Ávila
Batting: LHB Jorge Mateu 0-0: Ball
1-0: Called Strike
1-1: Ball
2-1: Fly out, F7 (Flyball, 78S, EV 78.8 MPH)
Batting: RHB Nick McGhee 0-0: Fly out, F3 (Popup, 3S, EV 71.2 MPH)
Batting: LHB Russell Hamilton 0-0: Ball
1-0: Ball
2-0: Fly out, F9 (Flyball, 89D, EV 90.0 MPH)
Bottom of the 4th over - 0 runs, 0 hits, 0 errors, 0 left on base; Austin 0 - Nolensville 0
TOP OF THE 5TH
Austin Black Mambas batting - Pitching for Nolensville Knights : RHP Steve Young
Batting: RHB Doug Day 0-0: Called Strike
0-1: Foul Ball, location: 2F
0-2: Ball
1-2: Fly out, F6 (Popup, 15, EV 83.8 MPH)
Batting: RHB Omer van de Linde 0-0: Called Strike
0-1: Ball
1-1: Ball
2-1: Ball
3-1: Base on Balls
Batting: RHB Francisco Ortíz 0-0: Ball
1-0: Ball
2-0: Ball
3-0: Base on Balls
Omer van de Linde to second
Batting: RHB Kamakakoa Kaponianani 0-0: Ball
1-0: Ball
2-0: Fly out, F1 (Line Drive, P, EV 67.5 MPH)
Batting: RHB Ned Lyons 0-0: Ball
1-0: SINGLE (Groundball, 34D, EV 103.1 MPH)
Omer van de Linde to third
Francisco Ortíz to second
Runner from 3rd tries for Home, SAFE, throw by RF to home
Batting: LHB Jon Kelly 0-0: Called Strike
0-1: Ball
1-1: Called Strike
1-2: Ball
2-2: Foul Ball, location: 2F
2-2: Ball
3-2: Base on Balls
Francisco Ortíz to third
Ned Lyons to second
Batting: LHB José Vera 0-0: Ball
1-0: Ball
2-0: Ball
3-0: Base on Balls
Francisco Ortíz scores
Ned Lyons to third
Jon Kelly to second
Batting: RHB Jason Portillo 0-0: Foul Ball, location: 2F
0-1: Ball
1-1: Called Strike
1-2: Ball
2-2: Ball
3-2: Base on Balls
Ned Lyons scores
Jon Kelly to third
José Vera to second
Batting: RHB Rick Pawlowicz 0-0: Swinging Strike
0-1: Swinging Strike
0-2: Ball
1-2: Fly out, F8 (Flyball, 89D, EV 105.0 MPH)
Top of the 5th over - 3 runs, 1 hit, 0 errors, 3 left on base; Austin 3 - Nolensville 0
BOTTOM OF THE 5TH
Nolensville Knights batting - Pitching for Austin Black Mambas : RHP Miguel Ávila
Batting: RHB Omar Luoa 0-0: Ball
1-0: Foul Ball, location: 2F
1-1: Ball
2-1: Ball
3-1: Ground out 5-3 (Groundball, 56S, EV 78.8 MPH)
Batting: LHB Juan Jimínez 0-0: Fly out, F7 (Flyball, 7, EV 83.8 MPH)
Batting: RHB Dale Goodman 0-0: Called Strike
0-1: Ball
1-1: Fly out, F8 (Flyball, 8RS, EV 93.1 MPH)
Bottom of the 5th over - 0 runs, 0 hits, 0 errors, 0 left on base; Austin 3 - Nolensville 0
TOP OF THE 6TH
Austin Black Mambas batting - Pitching for Nolensville Knights : RHP Steve Young
Batting: RHB Doug Day 0-0: Ball
1-0: Swinging Strike
1-1: Ground out 5-3 (Groundball, 5, EV 86.2 MPH)
Batting: RHB Omer van de Linde 0-0: Called Strike
0-1: Ball
1-1: Ball
2-1: Ground out 6-3 (Groundball, 56, EV 87.5 MPH)
Batting: RHB Francisco Ortíz 0-0: Ball
1-0: Ball
2-0: Ball
3-0: Base on Balls
Batting: RHB Kamakakoa Kaponianani 0-0: Fly out, F8 (Flyball, 8LXD, EV 93.1 MPH)
Top of the 6th over - 0 runs, 0 hits, 0 errors, 1 left on base; Austin 3 - Nolensville 0
BOTTOM OF THE 6TH
Nolensville Knights batting - Pitching for Austin Black Mambas : RHP Miguel Ávila
Batting: SHB Govaart Baars 0-0: Called Strike
0-1: Ball
1-1: Swinging Strike
1-2: Ground out 4-3 (Groundball, 4, EV 89.4 MPH)
Batting: RHB Ace Felder 0-0: Foul Ball, location: 2F
0-1: Ball
1-1: Foul Ball, location: 2F
1-2: Foul Ball, location: 2F
1-2: Ball
2-2: Strikes out swinging
Batting: RHB Juan Perales 0-0: Ground out 5-3 (Groundball, 56S, EV 81.9 MPH)
Bottom of the 6th over - 0 runs, 0 hits, 0 errors, 0 left on base; Austin 3 - Nolensville 0
TOP OF THE 7TH
Austin Black Mambas batting - Pitching for Nolensville Knights : RHP Steve Young
Batting: RHB Ned Lyons 0-0: Fly out, F9 (Flyball, 9, EV 73.8 MPH)
Batting: LHB Jon Kelly 0-0: Ball
1-0: Ball
2-0: Bunted foul
2-1: Foul Ball, location: 2F
2-2: Strikes out swinging
Batting: LHB José Vera 0-0: Ball
1-0: Called Strike
1-1: Ball
2-1: Fly out, F8 (Flyball, 8RS, EV 89.4 MPH)
Top of the 7th over - 0 runs, 0 hits, 0 errors, 0 left on base; Austin 3 - Nolensville 0
BOTTOM OF THE 7TH
Nolensville Knights batting - Pitching for Austin Black Mambas : RHP Miguel Ávila
Batting: LHB Jorge Mateu 0-0: Called Strike
0-1: Called Strike
0-2: Ball
1-2: Strikes out swinging
Batting: RHB Nick McGhee 0-0: Called Strike
0-1: Called Strike
0-2: Ball
1-2: Foul Ball, location: 2F
1-2: Ball
2-2: Foul Ball, location: 2F
2-2: Ball
3-2: Base on Balls
Batting: LHB Russell Hamilton 0-0: Ball
Nick McGhee steals 2nd base
1-0: Fly out, F7 (Flyball, 7D, EV 91.9 MPH)
Runner from 2nd tags up, SAFE at 3rd, no throw by LF
Batting: RHB Omar Luoa 0-0: Foul Ball, location: 2F
0-1: Ground out 6-3 (Groundball, 6, EV 110.0 MPH)
Bottom of the 7th over - 0 runs, 0 hits, 0 errors, 1 left on base; Austin 3 - Nolensville 0
TOP OF THE 8TH
Austin Black Mambas batting - Pitching for Nolensville Knights : RHP Steve Young
Pitching: LHP Ken French
Batting: RHB Jason Portillo 0-0: Foul Ball, location: 2F
0-1: SINGLE (Groundball, 56D, EV 102.5 MPH)
Batting: RHB Rick Pawlowicz 0-0: Ball
1-0: Ball
2-0: Called Strike
2-1: Ball
3-1: Base on Balls
Jason Portillo to second
Batting: RHB Doug Day 0-0: Sac Bunt to 3S - play at first, batter OUT! 3-1
Jason Portillo to third
Rick Pawlowicz to second
Batting: RHB Omer van de Linde 0-0: Intentional Walk
Batting: RHB Francisco Ortíz 0-0: DOUBLE (Line Drive, 78D, EV 101.9 MPH)
Jason Portillo scores
Rick Pawlowicz scores
Omer van de Linde to third
Batting: RHB Kamakakoa Kaponianani 0-0: SINGLE (Line Drive, 78S, EV 86.2 MPH)
Omer van de Linde scores
Francisco Ortíz to third
Batting: RHB Ned Lyons 0-0: Called Strike
0-1: Foul Ball, location: 2F
0-2: Ball
1-2: Fielders Choice at 2nd, 2-6 (Groundball, 2R, EV 68.1 MPH)
Batting: LHB Jon Kelly 0-0: Foul Ball, location: 2F
0-1: Foul Ball, location: 2F
0-2: Ball
1-2: Ball
2-2: Fly out, F3 (Popup, 3L, EV 68.8 MPH)
Top of the 8th over - 3 runs, 3 hits, 0 errors, 2 left on base; Austin 6 - Nolensville 0
BOTTOM OF THE 8TH
Nolensville Knights batting - Pitching for Austin Black Mambas : RHP Miguel Ávila
Batting: LHB Juan Jimínez 0-0: Called Strike
0-1: Ball
1-1: Swinging Strike
1-2: Ball
2-2: Strikes out swinging
Batting: RHB Dale Goodman 0-0: Ground out 4-3 (Groundball, 4S, EV 86.2 MPH)
Batting: SHB Govaart Baars 0-0: Ball
1-0: Swinging Strike
1-1: Ball
2-1: Foul Ball, location: 2F
2-2: Ball
3-2: Reached on error, E5 (Groundball, 56, EV 106.9 MPH)
Batting: RHB Ace Felder 0-0: Foul Ball, location: 2F
0-1: Ball
1-1: Swinging Strike
1-2: Strikes out looking
Bottom of the 8th over - 0 runs, 0 hits, 1 error, 1 left on base; Austin 6 - Nolensville 0
TOP OF THE 9TH
Austin Black Mambas batting - Pitching for Nolensville Knights : LHP Ken French
Batting: LHB José Vera 0-0: SOLO HOME RUN (Flyball, 9D, EV 100.6 MPH), Distance : 371 ft
Batting: RHB Jason Portillo 0-0: Swinging Strike
0-1: Swinging Strike
0-2: Ball
1-2: Strikes out swinging
Pinch Hitting: RHB Bailey Gribbins 0-0: SINGLE (Groundball, 6D, EV 98.1 MPH)
Batting: RHB Doug Day 0-0: Foul Ball, location: 2F
0-1: Ball
1-1: Foul Ball, location: 2F
1-2: Foul Ball, location: 2F
1-2: Fly out, F8 (Line Drive, 8LM, EV 86.9 MPH)
Pinch Hitting: RHB Ken Rodríguez 0-0: Ball
1-0: Foul Ball, location: 2F
1-1: Ball
2-1: Foul Ball, location: 2F
2-2: Ball
3-2: Base on Balls
Bailey Gribbins to second
Batting: RHB Francisco Ortíz 0-0: Called Strike
0-1: Ground out 5-3 (Groundball, 5S, EV 86.9 MPH)
Top of the 9th over - 1 run, 2 hits, 0 errors, 2 left on base; Austin 7 - Nolensville 0
BOTTOM OF THE 9TH
Nolensville Knights batting - Pitching for Austin Black Mambas : RHP Miguel Ávila
Now at C: Ken Rodríguez
Now at 3B: Bailey Gribbins
Pinch Hitting: RHB Richard Theunen 0-0: Ground out 4-3 (Groundball, 34, EV 106.9 MPH)
Pinch Hitting: RHB José García 0-0: Ball
1-0: Foul Ball, location: 2F
1-1: SINGLE (Flyball, 7LS, EV 99.4 MPH)
Pitching: RHP Jackson Williams
Pinch Hitting: LHB Mitchell Pate 0-0: Called Strike
0-1: Ball
1-1: Ball
2-1: Ball
3-1: Fly out, F7 (Flyball, 7S, EV 91.9 MPH)
Batting: LHB Russell Hamilton 0-0: Ball
1-0: Called Strike
1-1: Fly out, F9 (Line Drive, 9, EV 106.9 MPH)
Bottom of the 9th over - 0 runs, 1 hit, 0 errors, 1 left on base; Austin 7 - Nolensville 0
Friday, March 26th, 2021 - OOTP Baseball 20.8 Build 74